Map: Terraform LE (Void)

Players

Beastyqt

  • Race: Terran Terran
  • League: Diamond

True - Winner!

  • Race: Zerg Zerg
  • League: Diamond

VOD

Have the link to the VOD?

Description

Time

  • Played on: Sept. 5, 2015, 4:37 p.m.
  • Length: 12:00
Show
View Real Time Build Order
Export as new Build Order

Beastyqt Terran 

Build Orders:  

Get SALT Encoding   

  12  0:01  SCV  
  13  0:16  Supply Depot  
  13  0:38  Barracks  
  13  0:41  Refinery  
  13  0:54  Barracks  
  13  0:58  SCV  
  14  1:26  Reaper, Orbital Command  
  15  1:43  Reaper  
  15  1:46  Bunker  
  16  2:01  Reaper  
  16  2:04  Bunker  
  17  2:21  SCV  
  18  2:23  Reaper  
  19  2:33  SCV  
  19  2:42  Supply Depot  
  19  2:45  SCV  
  19  2:46  Reaper  
  21  2:57  SCV, Bunker  
  22  3:01  Reaper  
  22  3:04  Supply Depot  
  23  3:10  SCV  
  24  3:22  SCV  
  24  3:32  Reaper  
  24  3:34  SCV  
  26  3:43  Reaper  
  26  3:46  SCV  
  28  3:51  Refinery  
  28  3:53  Command Center  
  26  3:59  SCV  
  25  4:14  SCV  
  26  4:19  Command Center  
  25  4:27  Factory  
  25  4:28  SCV  
  26  4:42  Factory  
  26  4:46  SCV  
  27  4:58  Bunker  
  27  5:08  Orbital Command  
  27  5:11  Factory Reactor  
  27  5:16  SCV  
  28  5:27  Factory Tech Lab  
  28  5:28  Starport  
  28  5:31  Orbital Command x2  
  28  5:37  SCV  
  29  5:45  Siege Tank  
  29  5:48  Hellion  
  34  5:50  Hellion  
  34  5:54  SCV  
  37  5:57  SCV, Orbital Command  
  38  6:05  Medivac  
  38  6:11  SCV x2  
  41  6:14  Hellion  
  41  6:17  Siege Tank  
  47  6:23  Supply Depot, Hellion, SCV  
  47  6:24  SCV x2  
  50  6:35  SCV  
  50  6:36  SCV  
  50  6:39  Hellion  
  51  6:44  Hellion  
  51  6:45  SCV  
  49  6:49  Siege Tank  
  49  6:50  Engineering Bay  
  49  6:51  SCV  
  53  6:55  Starport Reactor  
  53  6:56  SCV  
  53  7:00  SCV, Refinery  
  55  7:01  Refinery  
  55  7:04  SCV  
  55  7:07  Hellion  
  58  7:09  SCV  
  58  7:12  SCV  
  60  7:16  Hellion  
  60  7:21  SCV  
  60  7:22  Armory  
  63  7:26  SCV  
  63  7:29  SCV  
  65  7:33  SCV  
  69  7:38  SCV  
  69  7:41  SCV  
  69  7:43  Siege Tank  
  74  7:47  Medivac x2  
  74  7:50  SCV, Supply Depot  
  77  7:52  Supply Depot  
  77  7:57  SCV, Orbital Command  
  77  8:03  Missile Turret  
  77  8:04  Supply Depot  
  77  8:05  Supply Depot  
  77  8:07  Liberator  
  77  8:08  Liberator  
  77  8:10  Supply Depot  
  77  8:12  SCV x2, Hellion x2  
  83  8:22  SCV  
  83  8:24  SCV x2  
  83  8:26  Terran Vehicle Weapons Level 1  
  92  8:32  Supply Depot  
  92  8:35  SCV  
  92  8:36  SCV  
  92  8:37  SCV  
  91  8:42  Thor  
  91  8:45  Hellion  
  91  8:47  SCV  
  96  8:48  SCV  
  97  8:59  SCV  
  97  9:00  Refinery  
  97  9:01  SCV x2, Factory  
  97  9:02  Factory, Refinery  
  100  9:15  Liberator  
  96  9:18  Hellion x2  
  96  9:20  SCV x2  
  96  9:23  SCV  
  96  9:25  Siege Tank  
  93  9:32  SCV  
  93  9:38  SCV x2  
  96  9:39  Missile Turret  
  96  9:40  Liberator  
  96  9:42  Hellion  
  96  9:43  Hellion  
  96  9:44  SCV  
  97  9:50  SCV x2  
  97  9:52  Missile Turret  
  99  9:54  Missile Turret  
  99  9:55  Missile Turret  
  99  9:56  SCV  
  99  9:57  Missile Turret  
  99  9:59  Factory Tech Lab  
  103  10:00  Factory Reactor  
  103  10:02  SCV x2, Liberator  
  104  10:21  Missile Turret  
  107  10:24  Missile Turret  
  107  10:25  Missile Turret  
  107  10:29  Command Center  
  107  10:38  Cyclone  
  107  10:39  Cyclone, Mag-Field Accelerator  
  107  10:41  Hellion x2  
  107  10:42  Hellion  
  119  10:44  Hellion  
  115  11:12  Command Center  
  118  11:31  Supply Depot x2  
  118  11:32  Supply Depot  
Show
View Real Time Build Order
Export as new Build Order

True Zerg - Winner!

Build Orders: Hatch First, Lurkers 

Get SALT Encoding   

  12  0:02  Drone  
  13  0:12  Overlord  
  13  0:17  Drone  
  14  0:31  Drone x2  
  14  0:34  Drone  
  17  0:51  Hatchery  
  17  0:54  Drone  
  17  1:08  Spawning Pool  
  17  1:10  Drone  
  17  1:15  Extractor  
  17  1:16  Drone  
  17  1:19  Drone  
  18  1:30  Drone  
  19  1:38  Overlord  
  19  1:55  Queen  
  19  1:56  Zergling x2  
  19  2:00  Zergling x2  
  23  2:03  Queen  
  23  2:06  Zergling x2  
  26  2:11  Zergling x2  
  26  2:14  Spore Crawler  
  26  2:26  Metabolic Boost  
  26  2:34  Spine Crawler, Queen  
  27  2:37  Zergling x2  
  27  2:41  Zergling x2  
  29  2:46  Zergling x2  
  30  2:55  Zergling x2  
  31  2:59  Zergling x2  
  31  3:00  Zergling x4  
  34  3:08  Zergling x2  
  34  3:14  Zergling x4  
  34  3:15  Zergling x2  
  35  3:26  Zergling x2  
  35  3:36  Zergling x2  
  33  3:41  Zergling x2  
  33  3:42  Zergling x4  
  34  3:49  Zergling x2  
  34  3:54  Zergling x4  
  35  3:57  Zergling x4  
  33  4:04  Zergling x2  
  32  4:10  Queen  
  32  4:14  Drone  
  35  4:21  Overlord  
  35  4:32  Drone  
  35  4:36  Overlord  
  36  4:38  Queen  
  36  4:39  Drone x2  
  36  4:40  Drone x2  
  36  4:45  Drone  
  43  4:50  Overlord  
  42  4:54  Drone x3  
  42  4:55  Drone  
  46  5:07  Drone  
  46  5:08  Drone  
  48  5:16  Drone x2  
  48  5:19  Drone  
  51  5:24  Hatchery, Overlord  
  51  5:25  Drone  
  51  5:29  Drone x2  
  51  5:33  Extractor  
  52  5:38  Drone  
  52  5:39  Drone x2  
  52  5:41  Drone x2  
  57  5:48  Drone  
  58  5:51  Roach Warren, Drone x2  
  58  5:54  Drone  
  61  5:57  Drone  
  61  6:02  Evolution Chamber  
  60  6:04  Lair  
  60  6:06  Drone  
  60  6:08  Extractor  
  60  6:10  Drone  
  61  6:12  Evolution Chamber, Drone  
  61  6:13  Drone  
  62  6:22  Overlord  
  59  6:36  Overlord  
  59  6:38  Drone x4  
  60  6:40  Drone  
  60  6:44  Drone x3  
  60  6:45  Drone  
  60  6:46  Zerg Missile Weapons Level 1, Zerg Ground Armor Level 1  
  61  6:49  Extractor  
  61  6:50  Overlord  
  61  6:52  Drone x3  
  63  6:54  Drone x2  
  63  6:55  Drone  
  66  7:02  Glial Reconstitution, Roach x2  
  70  7:09  Overlord  
  70  7:16  Extractor x2  
  70  7:17  Roach x4  
  70  7:18  Roach  
  70  7:21  Roach  
  79  7:30  Drone x6  
  79  7:31  Queen  
  87  7:45  Drone x5  
  87  7:47  Spire  
  87  7:48  Overlord, Hydralisk Den  
  90  7:57  Queen  
  92  8:00  Overlord, Queen  
  92  8:05  Lurker Den  
  94  8:07  Drone  
  95  8:15  Roach x3  
  95  8:16  Hatchery, Roach x2  
  104  8:22  Roach  
  104  8:24  Roach  
  104  8:25  Roach  
  110  8:27  Roach  
  110  8:32  Roach x2  
  110  8:33  Roach  
  118  8:35  Roach  
  114  8:45  Drone x4  
  114  8:46  Drone x2  
  120  8:55  Roach  
  122  8:56  Overlord x4  
  116  9:30  Corruptor  
  116  9:31  Corruptor x7  
  102  9:33  Hydralisk x2  
  102  9:34  Hydralisk  
  102  9:38  Hydralisk  
  116  9:42  Hydralisk x2  
  116  9:46  Drone x2  
  116  9:57  Drone x2  
  116  9:58  Drone  
  119  10:02  Zerg Flyer Weapons Level 1  
  119  10:18  Drone x3  
  119  10:20  Overlord x2  
  122  10:24  Roach x2  
  126  10:38  Hatchery  
  126  10:42  Lurker x6  
  131  10:44  Roach x6  
  131  10:45  Roach  
  131  10:46  Roach  
  131  10:48  Roach  
  149  10:50  Roach  
  149  10:53  Roach  
  149  10:54  Roach  
  149  10:55  Roach  
  157  10:57  Roach x2  
  157  10:59  Roach  
  157  11:00  Roach  
  167  11:04  Roach  
  167  11:06  Overlord  
  167  11:10  Overlord  
  167  11:11  Roach  
  167  11:14  Overlord  
  167  11:25  Overlord  
  167  11:26  Roach x2  
  167  11:27  Roach x2  
  167  11:28  Overlord  
  167  11:29  Roach  
  167  11:30  Roach x3  
  167  11:31  Overlord  
  181  11:33  Roach  
  181  11:35  Roach  
  181  11:37  Overlord  
  181  11:39  Roach  
  179  11:41  Roach  
Tags
 
Add a new tag
Caveats
  • Supply blocks, unpowered buildings, or Contaminate may cause inaccurate times.
  • Supply counts are checked every 10 seconds.